 Dungeon Crawl Stone Soup version 0.18.1-48-g4cf74bf (webtiles) character file.

61 sdOOK the Magician (level 3, -4/21 HPs)
             Began as a High Elf Wizard on Aug 24, 2016.
             Slain by Crazy Yiuf
             ... wielding a +3 quarterstaff of chaos
              (8 damage)
             ... while paralysed by Crazy Yiuf
             ... on level 3 of the Dungeon.
             The game lasted 00:21:42 (2935 turns).

sdOOK the Magician (High Elf Wizard)                Turns: 2935, Time: 00:21:42

Health: -4/21      AC:  8    Str:  6    XL:     3   Next: 83%
Magic:  1/10       EV:  2    Int: 23    God:
Gold:   22         SH:  0    Dex: 13    Spells: 3 memorised, 6 levels left

rFire  . . .     SeeInvis .     m - +1 mace (protect)
rCold  . . .     Gourm    .     a - +0 robe
rNeg   . . .     Faith    .     (no shield)
rPois  .         Spirit   .     b - +0 hat
rElec  .         Dismiss  .     (no cloak)
rCorr  .         Reflect  .     n - +0 pair of gloves (curse)
SustAt .         Harm     .     (no boots)
MR     .....                    (no amulet)
Stlth  ++........               (no ring)
                                (no ring)

@: paralysed, not resistant to hostile enchantments, unstealthy
A: no striking features
a: no special abilities


You were on level 3 of the Dungeon.
You were not hungry.

You visited 1 branch of the dungeon, and saw 3 of its levels.

You collected 22 gold pieces.

Inventory:

Hand Weapons
 e - a +0 club
 i - a +0 hunting sling
 l - a +0 whip of electrocution
 m - a +1 mace of protection (weapon)
 o - a +0 mace of draining
Missiles
 h - 104 stones (quivered)
 j - 18 poisoned needles
 k - 21 arrows
Armour
 a - a +0 robe (worn)
 b - a +0 hat (worn)
 n - a cursed +0 pair of gloves (worn)
Books
 c - a book of Minor Magic

   Spells                             Type                      Level
   a - Magic Dart                     Conjuration                  1
   b - Blink                          Translocation                2
   c - Call Imp                       Summoning                    2
   d - Repel Missiles                 Charms/Air                   2
   e - Slow                           Hexes                        2
   f - Conjure Flame                  Conjuration/Fire             3
   g - Mephitic Cloud                 Conjuration/Poison/Air       3
Comestibles
 d - 3 bread rations
 f - 2 meat rations
 g - 2 beef jerkies


   Skills:
 + Level 0.4 Slings
 + Level 2.8 Dodging
 + Level 2.3 Stealth
 + Level 4.7 Spellcasting
 + Level 1.3 Conjurations
 + Level 1.2 Summonings
   Level 1.1 Translocations


You had 6 spell levels left.
You knew the following spells:

 Your Spells              Type           Power        Failure   Level  Hunger
a - Magic Dart            Conj           ##..         6%          1    None
b - Call Imp              Summ           ##......     12%         2    None
c - Slow                  Hex            #.......     17%         2    None


Dungeon Overview and Level Annotations

Branches:
Dungeon (3/15)

Altars:

Annotations:
D:3 Crazy Yiuf


Message History

A hound comes into view.
Crazy Yiuf barely misses you.
Your magical contamination has completely faded away.
Casting: Magic Dart
Confirm with . or Enter, or press ? or * to list all spells.
Aiming: Magic Dart
Press: ? - help, Shift-Dir - straight line, f/p - Crazy Yiuf
Aim: Crazy Yiuf, wielding a quarterstaff of chaos and wearing a glowing cloak (moderately wounded)
The magic dart hits Crazy Yiuf.
Crazy Yiuf is moderately wounded.
Crazy Yiuf barely misses you.
You barely miss Crazy Yiuf.
Crazy Yiuf is moderately wounded.
Crazy Yiuf hits you but does no damage.
You suddenly lose the ability to move!
Crazy Yiuf hits you with a quarterstaff of chaos!
Crazy Yiuf barely misses you.
Crazy Yiuf hits you with a quarterstaff of chaos!
* * * LOW HITPOINT WARNING * * *
Crazy Yiuf hits you with a quarterstaff of chaos!
You die...

.?.# # # ##.)# ..#. ...#
....######.###########
.. ..............<.....#
#.##.##..........#####.#
..#..#.#............##
[..#.................#
...###.....@g#####..##
##..##.......# #....#
$.............# ♣....♣
................)#
♣♣...♣
.......)..........#
♣♣.♣♣
...>..............# ♣♣)♣
?................## ♣)♣♣
..............<..# ♣♣)♣
.................# ♣g♣♣


You could see Crazy Yiuf.

Vanquished Creatures
  2 adders (D:3)
  4 giant cockroaches
  3 goblins
  4 hobgoblins
  3 jackals (D:2)
  8 kobolds
  A quokka (D:2)
  6 bats (D:1)
  2 giant newts (D:2)
  4 rats
37 creatures vanquished.

Vanquished Creatures (collateral kills)
  An ooze (D:2)
  A dart slug (D:2)
  A giant cockroach (D:2)
  A goblin (D:2)
  A quokka (D:3)
  A kobold (D:1)
  A rat (D:3)
7 creatures vanquished.

Grand Total: 44 creatures vanquished

Notes
Turn   | Place    | Note
--------------------------------------------------------------
     0 | D:1      | sdOOK the High Elf Wizard began the quest for the Orb.
     0 | D:1      | Reached XP level 1. HP: 11/11 MP: 6/6
   393 | D:1      | Reached skill level 4 in Spellcasting
   589 | D:1      | Reached XP level 2. HP: 17/17 MP: 2/8
   793 | D:1      | Learned a level 2 spell: Call Imp
   796 | D:1      | Learned a level 2 spell: Slow
  1473 | D:2      | Reached skill level 1 in Summonings
  1677 | D:2      | Reached XP level 3. HP: 20/21 MP: 1/9
  2902 | D:3      | Noticed Crazy Yiuf
  2931 | D:3      | Paralysed by Crazy Yiuf for 6 turns
  2935 | D:3      | Slain by Crazy Yiuf

Skill      XL: |  1  2 |
---------------+-------+-----
Spellcasting   | 4 |  4.7
Summonings     | 1 |  1.2
Slings         | |  0.4
Dodging        | |  2.8
Stealth        | |  2.3
Conjurations   | |  1.3
Translocations | |  1.1

Action                   || total
-------------------------++-------
Melee: Unarmed           ||     4
       Club              ||     6
       Mace              ||     1
 Fire: Hunting sling     ||    25
 Cast: Magic Dart        ||    95
       Call Imp          ||    19
       Slow              ||     9
  Use: Potion            ||     4
       Scroll            ||     3
  Eat: Chunk             ||     6
Armor: Robe              ||    28
Dodge: Dodged            ||    59
